 Dungeon Crawl Stone Soup version 0.29-a0-22-gbf593b16ee (webtiles) character file.

Game seed: 2644356100757531783

39953 bande the Cleaver (level 14, -4/88 HPs)
             Began as a Gargoyle Fighter on Jan 30, 2022.
             Was an Elder of Okawaru.
             Slain by a jiangshi (16 damage)
             ... summoned by a vampire mage
             ... on level 2 of the Abyss.
             The game lasted 00:37:53 (14622 turns).

bande the Cleaver (Gargoyle Fighter)               Turns: 14622, Time: 00:37:54

Health: -4/88      AC: 24    Str: 26    XL:     14   Next: 8%
Magic:  18/18      EV: 13    Int:  6    God:    Okawaru [****..]
Gold:   717        SH: 13    Dex: 29    Spells: 13/13 levels left

rFire   . . .      SeeInvis +   q - +11 broad axe "Zesilaacu" {vamp, Will- Str+4 Dex+6}
rCold   . . .      Faith    .   c - +0 buckler
rNeg    + . .      Spirit   .   Q - +2 scale mail {Will+}
rPois   ∞          Reflect  +   h - +2 hat {SInv}
rElec   +          Harm     .   m - +0 cloak
rCorr   .          Rampage  +   (no gloves)
Will    +....      Rage     3%  (no boots)
Stlth   +.........              y - amulet "Loazapim" {Reflect Rampage Regen+ Dex+4 Slay-2 SH+5}
HPRegen 1.04/turn               t - +6 ring of dexterity
MPRegen 0.16/turn               S - +4 ring of evasion

@: flying
A: sickness immunity, AC +10, big wings, negative energy resistance 1,
electricity resistance, torment resistance 1, petrification resistance, dopey 1,
[berserk 2]
a: Renounce Religion, Heroism, Finesse


You were on level 2 of the Abyss.
You worshipped Okawaru.
Okawaru was greatly pleased with you.
You visited 3 branches of the dungeon, and saw 14 of its levels.
You visited the Abyss 1 time.
You also visited: Ossuary, Bailey and Volcano.

You collected 717 gold pieces.

Inventory:

Hand Weapons
 p - a +5 war axe of flaming
 q - the +11 broad axe "Zesilaacu" (weapon) {vamp, Will- Str+4 Dex+6}
   (You acquired it on level 5 of the Dungeon)

   It occasionally heals its wielder for a portion of the damage dealt when it
   wounds a living foe.
   Str:       It affects your strength (+4).
   Dex:       It affects your dexterity (+6).
   Will:      It decreases your willpower.
Missiles
 P - 2 throwing nets (quivered)
Armour
 c - a +0 buckler (worn)
 h - a +2 hat of see invisible (worn)
 j - a +1 helmet
 m - a +0 cloak (worn)
 u - a +2 scale mail of cold resistance
 z - a +0 plate armour
 Q - a +2 scale mail of willpower (worn)
Jewellery
 a - an amulet of the acrobat
 g - an amulet of guardian spirit
 i - a ring of protection from cold
 t - a +6 ring of dexterity (left hand)
 v - a ring of ice
 y - the amulet "Loazapim" (around neck) {Reflect Rampage Regen+ Dex+4 Slay-2 SH+5}
   (You acquired it on level 6 of the Dungeon)

   [amulet of reflection]

   It reflects blocked missile attacks.
   Dex:       It affects your dexterity (+4).
   Slay:      It affects your accuracy & damage with ranged weapons and melee
   (-2).
   Regen:     It increases your rate of health regeneration.
   SH:        It affects your SH (+5).
   Rampage:   It bestows one free step when moving towards enemies.
 E - an amulet of regeneration
 F - a +6 ring of dexterity
 J - the necklace of Bloodlust {*Rage Will++ Int-3 Slay+6}
   (You found it on level 8 of the Dungeon)

   [amulet of nothing]

   It extends the wearer's berserk rage when killing foes.
   Int:       It affects your intelligence (-3).
   Slay:      It affects your accuracy & damage with ranged weapons and melee
   (+6).
   *Rage:     It berserks you when you make melee attacks (+50% chance).
   Will:      It greatly increases your willpower.
 L - the ring "Xotoruax" {rF- Str+6 Int-3 Dex+9 SInv}
   (You found it on level 8 of the Dungeon)

   [ring of strength]

   Str:       It affects your strength (+6).
   Int:       It affects your intelligence (-3).
   Dex:       It affects your dexterity (+9).
   rF:        It makes you vulnerable to fire.
   SInv:      It lets you see invisible.
 R - a ring of flight
 S - a +4 ring of evasion (right hand)
Wands
 r - a wand of flame (70)
 A - a wand of iceblast (23)
 B - a wand of polymorph (2)
 C - a wand of paralysis (8)
 K - a wand of acid (11)
Scrolls
 f - 6 scrolls of teleportation
 s - 5 scrolls of blinking
 w - 3 scrolls of enchant armour
 x - a scroll of fear
 G - a scroll of enchant weapon
 H - 2 scrolls of fog
 I - 5 scrolls of identify
 N - a scroll of amnesia
 O - a scroll of silence
Potions
 b - 4 potions of haste
 d - 2 potions of might
 e - 4 potions of magic
 k - 2 potions of invisibility
 l - 4 potions of flight
 n - 3 potions of curing
 o - 3 potions of cancellation
 D - 2 potions of brilliance
 M - 2 potions of berserk rage {unknown}


   Skills:
 + Level 10.1 Fighting
 + Level 14.3 Axes
 + Level 10.1 Armour
 + Level 9.2 Shields
 * Level 6.4 Invocations
 * Level 6.7 Evocations


You had 13 spell levels left.
You didn't know any spells.
Your spell library contained the following spells:

 Spells                   Type           Power      Damage    Failure   Level
 Beastly Appendage        Tmut           0%         N/A       77%         1
 Slow                     Hex            0%         N/A       77%         1
 Corpse Rot               Necr/Air       0%         N/A       88%         2
 Poisonous Vapours        Pois/Air       0%         N/A       88%         2
 Wereblood                Tmut           0%         N/A       88%         2
 Confusing Touch          Hex            0%         N/A       98%         3
 Spider Form              Tmut/Pois      0%         N/A       98%         3
 Vampiric Draining        Necr           0%         2d6       98%         3
 Petrify                  Tmut/Erth      0%         N/A       100%        4
 Borgnjor's Vile Clutch   Necr/Erth      0%         N/A       100%        5
 Irradiate                Conj/Tmut      0%         3d13      100%        5
 Sublimation of Blood     Necr           Unusable   N/A       N/A         2
 Animate Dead             Necr           Unusable   N/A       N/A         4
 Death Channel            Necr           Unusable   N/A       N/A         6

Dungeon Overview and Level Annotations

Branches:
Dungeon (11/15)            Temple (1/1) D:4            Lair (2/6) D:10
    Orc (0/2) D:10        Ossuary (visited)          Bailey (visited)
Volcano (visited)
  Swamp: Lair:2-4    Shoals: Lair:2-4     Snake: Lair:2-4    Spider: Lair:2-4

Altars:
Ashenzari
Cheibriados
Dithmenos
Elyvilon
Fedhas
Gozag
Hepliaklqana
Kikubaaqudgha
Makhleb
Nemelex Xobeh
Okawaru
Qazlal
Ru
Sif Muna
Trog
Uskayaw
Vehumet
Wu Jian
Xom
Yredelemnul
Zin
The Shining One

Shops:
D:7 [   D:10 ?


Innate Abilities, Weirdness & Mutations

You are immune to sickness and miasma.
Your stone body is resilient. (AC +10)
You are immune to poison.
Your large and strong wings let you fly.
You resist negative energy. (rN+)
You are resistant to electric shocks. (rElec)
You are resistant to unholy torment.
You are immune to petrification.
You are dopey. (Int -2)
[You often lose your temper in combat.]


Message History

You hit the jiangshi.
The jiangshi is lightly damaged.
You hit the vampire mage. You hit the starcursed mass.
You hit the starcursed mass but do no damage.
The starcursed mass shudders and is absorbed by its neighbour.
The jiangshi claws you.
* * * LOW HITPOINT WARNING * * *
The jiangshi claws you but does no damage.
The vampire mage hits you but does no damage.
The vampire mage closely misses you.
The jiangshi claws you but does no damage.
The jiangshi claws you.
* * * LOW HITPOINT WARNING * * *
You hit the jiangshi.
The jiangshi is lightly damaged.
You slash the vampire mage! You slash the starcursed mass!
The starcursed mass shudders and is absorbed by its neighbour.
You block the jiangshi's attack.
The jiangshi claws you but does no damage.
The vampire mage closely misses you.
The vampire mage bites you but does no damage.
A starcursed mass splits.
You slash the jiangshi!
The jiangshi is moderately damaged.
You hit the vampire mage. You slash the starcursed mass!
You destroy the starcursed mass!
That felt strangely unrewarding.
The vampire mage gestures wildly while chanting.
A starcursed mass splits.
You slash the jiangshi!
The jiangshi is heavily damaged.
You hit the vampire mage.
You hit the spectral harpy but do no damage.
You hit the jiangshi but do no damage.
You hit the starcursed mass but do no damage.
You block the spectral harpy's attack. x2; The jiangshi claws you!
* * * LOW HITPOINT WARNING * * *
The jiangshi claws you but does no damage.
The jiangshi claws you!
You die...

. # ...## ...
##.######
#......X####
#....XVXX..# ..# #
##@VX#.### #.
#......ZVXZ....
...#.#...##VZ.#.#
§.....>.#.........
#...#....#######...#
. ## ##.. # ##...
#.#...#. ##.. ..# ##
## ... #


You could see 6 starcursed masses, 3 jiangshi, a vampire mage, a spectral harpy
(summoned), a deep elf blademaster simulacrum (summoned) and an iron dragon
skeleton (summoned).

Vanquished Creatures
  Gastronok (Lair:1)
  An orc warlord (Bailey)
  A great orb of eyes (Abyss:2)
  Harold (D:10)
  A hydra (Lair:2)
  5 death yaks
  A wretched star (Abyss:2)
  3 deep trolls (D:8)
  A lindwurm (Lair:2)
  An orc knight (Bailey)
  A wizard (Volcano)
  A worldbinder (Abyss:2)
  A centaur zombie (D:10)
  2 toenail golems (Volcano)
  A smoke demon (Abyss:2)
  2 black mambas (Lair:2)
  A gargoyle (D:10)
  A torpor snail (Lair:2)
  4 large abominations (Abyss:2)
  6 cane toads
  A komodo dragon (Lair:2)
  2 efreet
  Maggie (D:6)
  A rime drake (Lair:2)
  An ancient zyme (Abyss:2)
  A polar bear (Lair:2)
  2 shadows
  47 yaks
  4 wyverns
  A vampire (Abyss:2)
  A wraith (Ossuary)
  A neqoxec (Abyss:2)
  A fire bat (Abyss:2)
  2 basilisks (Lair:2)
  3 steam dragons
  2 chaos spawn (Abyss:2)
  Edmund (D:5)
  5 water moccasins
  An ice beast (D:6)
  2 sky beasts
  3 black bears
  3 orc warriors
  A centaur (D:7)
  A necrophage (D:8)
  2 wolves (Lair:2)
  2 ogres
  A small abomination (Abyss:2)
  4 kobold brigands
  10 bullfrogs
  Blork the orc (D:6)
  A wyvern zombie (D:8)
  5 scorpions
  A water moccasin zombie (D:5)
  5 killer bees (D:8)
  4 wights (D:7)
  2 electric eels
  A crimson imp (Abyss:2)
  A bullfrog zombie (D:5)
  A starcursed mass (Abyss:2)
  2 hounds
  2 jellies
  6 orc priests
  A bullfrog skeleton (D:5)
  3 iguanas
  7 orc wizards
  A hell rat (D:10)
  A killer bee zombie (D:7)
  3 mummies (Ossuary)
  A howler monkey skeleton (D:5)
  7 adders
  11 gnolls
  4 white imps
  An adder skeleton (D:4)
  2 adder zombies (D:5)
  A worm (D:2)
  4 dart slugs
  31 orcs
  5 ball pythons
  6 endoplasms
  6 giant cockroaches
  2 gnoll zombies (Ossuary)
  11 goblins
  10 hobgoblins
  4 jackals
  28 kobolds
  2 quokkas
  2 bats
  2 frilled lizards (D:3)
  5 goblin zombies (Ossuary)
  A hobgoblin zombie (Ossuary)
  2 kobold zombies (Ossuary)
  7 rats
  2 lurking horrors (Abyss:2)
348 creatures vanquished.

Vanquished Creatures (others)
  An orc wizard (D:4)
  A demonic plant (D:2)
  4 fungi
  3 plants (Lair:2)
  2 withered plants (D:2)
11 creatures vanquished.

Grand Total: 359 creatures vanquished

Notes
Turn   | Place    | Note
-------+----------+-------------------------------------------
     0 | D:1      | bande the Gargoyle Fighter began the quest for the Orb.
     0 | D:1      | Reached XP level 1. HP: 14/14 MP: 1/1
   264 | D:1      | Reached XP level 2. HP: 19/19 MP: 2/2
   968 | D:2      | Reached skill level 2 in Axes
  1175 | D:2      | Reached XP level 3. HP: 18/23 MP: 3/3
  1263 | D:2      | Found a faded altar of an unknown god.
  2136 | D:3      | Reached XP level 4. HP: 24/29 MP: 4/4
  2469 | D:3      | Reached skill level 3 in Axes
  2531 | D:3      | Noticed a sky beast
  2549 | D:3      | Killed a sky beast
  2550 | D:3      | Reached XP level 5. HP: 21/33 MP: 5/5
  3313 | D:3      | Reached XP level 6. HP: 17/38 MP: 3/6
  3600 | D:4      | Reached skill level 4 in Axes
  3600 | D:4      | Reached skill level 5 in Armour
  3857 | D:3      | Reached XP level 7. HP: 41/44 MP: 7/7
  4540 | D:4      | Reached skill level 5 in Axes
  5369 | D:4      | Found a staircase to the Ecumenical Temple.
  5383 | Temple   | Entered the Ecumenical Temple
  5683 | D:4      | Reached XP level 8. HP: 47/48 MP: 8/8
  5995 | D:4      | Noticed a yak
  5995 | D:4      | Noticed a yak
  6054 | D:3      | Killed a yak
  6055 | D:3      | Reached skill level 5 in Fighting
  6055 | D:3      | Reached skill level 6 in Axes
  6252 | D:4      | Noticed a yak
  6258 | D:4      | Noticed a yak
  6261 | D:4      | Killed a yak
  6292 | D:3      | Killed a yak
  6654 | D:3      | Killed a yak
  6655 | D:3      | Reached skill level 7 in Axes
  6935 | D:5      | Entered Level 5 of the Dungeon
  7142 | D:5      | Identified a scroll of acquirement
  7142 | D:5      | Acquired the +11 broad axe "Zesilaacu" {vamp, Will- Str+4
                  | Dex+6}
  7161 | D:5      | Identified the +7 trident of Ischutomoph {drain, rC+ Int-3
                  | Dex+4}
  7226 | D:5      | Noticed Edmund
  7233 | D:5      | Killed Edmund
  7234 | D:5      | Reached XP level 9. HP: 54/55 MP: 6/9
  7899 | D:6      | Noticed Blork the orc
  7908 | D:6      | Killed Blork the orc
  7959 | D:6      | Reached skill level 8 in Axes
  8030 | D:6      | Acquired the amulet "Loazapim" {Reflect Rampage Regen+
                  | Dex+4 Slay-2 SH+5}
  8182 | D:6      | Found a sand-covered staircase.
  8190 | Ossuary  | Entered an ossuary
  8563 | D:6      | Noticed Maggie
  8572 | D:6      | Killed Maggie
  8573 | D:6      | Reached skill level 9 in Axes
  8983 | D:7      | Found a flagged portal.
  9019 | Bailey   | Entered a bailey
  9024 | Bailey   | Noticed an orc warlord
  9047 | Bailey   | Found the +8 Wrath of Trog {antimagic, *Rage Rampage}
  9077 | Bailey   | Noticed an orc knight
  9093 | Bailey   | Reached XP level 10. HP: 63/63 MP: 10/10
  9094 | Bailey   | Killed an orc knight
  9095 | Bailey   | Reached skill level 10 in Axes
  9095 | Bailey   | Reached skill level 5 in Shields
  9127 | Bailey   | Found a runed translucent gate.
  9129 | Bailey   | Found a runed translucent gate.
  9140 | Bailey   | Found a runed translucent gate.
  9297 | Bailey   | Killed an orc warlord
  9844 | D:7      | Found Pomyus's Antique Armour Boutique.
 10063 | D:8      | Noticed a deep troll
 10063 | D:8      | Noticed a deep troll
 10077 | D:8      | Killed a deep troll
 10079 | D:8      | Noticed a deep troll
 10095 | D:8      | Killed a deep troll
 10096 | D:8      | Reached skill level 11 in Axes
 10106 | D:8      | Killed a deep troll
 10107 | D:8      | Reached XP level 11. HP: 31/68 MP: 11/11
 10354 | D:8      | Found the necklace of Bloodlust {*Rage Will++ Int-3 Slay+6}
 10455 | D:8      | Found a stormy altar of Qazlal.
 10456 | D:8      | Found a broken altar of Ashenzari.
 10580 | D:8      | Identified the ring "Xotoruax" {rF- Str+6 Int-3 Dex+9 SInv}
 10889 | D:8      | Reached skill level 1 in Evocations
 11444 | D:9      | Reached skill level 12 in Axes
 11649 | D:9      | Found a blossoming altar of Fedhas.
 11756 | D:10     | Entered Level 10 of the Dungeon
 11758 | D:10     | Found Wyegic's Magic Scroll Shoppe.
 11932 | D:10     | Found a shadowy altar of Dithmenos.
 11932 | D:10     | Found a radiant altar of Vehumet.
 11939 | D:10     | Noticed a death yak
 11940 | D:10     | Found a staircase to the Lair.
 11940 | D:10     | Noticed a death yak
 11941 | D:10     | Noticed a death yak
 11950 | D:10     | Killed a death yak
 11951 | D:10     | Reached XP level 12. HP: 76/76 MP: 12/12
 11957 | D:10     | Killed a death yak
 11958 | D:10     | Killed a death yak
 11959 | D:10     | Reached skill level 13 in Axes
 12046 | D:10     | Found a staircase to the Orcish Mines.
 12259 | D:10     | Noticed Harold
 12275 | D:10     | Killed Harold
 12484 | D:10     | Found an iron altar of Okawaru.
 12491 | D:10     | Became a worshipper of Warmaster Okawaru
 12516 | D:10     | Found a white marble altar of Elyvilon.
 12692 | Lair:1   | Entered Level 1 of the Lair of Beasts
 12799 | Lair:1   | Reached skill level 1 in Invocations
 12979 | Lair:1   | Reached * piety under Okawaru
 13081 | Lair:1   | Noticed Gastronok
 13102 | Lair:1   | Killed Gastronok
 13131 | Lair:1   | Reached skill level 5 in Invocations
 13131 | Lair:1   | Reached XP level 13. HP: 81/81 MP: 13/16
 13580 | Lair:2   | Reached ** piety under Okawaru
 13686 | Lair:2   | Reached skill level 14 in Axes
 13686 | Lair:2   | Reached skill level 10 in Armour
 13799 | Lair:2   | Reached *** piety under Okawaru
 13892 | Lair:2   | Reached skill level 10 in Fighting
 13915 | Lair:2   | Gained mutation: Your large and strong wings let you fly.
                  | [Gargoyle growth]
 13915 | Lair:2   | Reached XP level 14. HP: 86/88 MP: 18/18
 14110 | Lair:2   | Found a dark tunnel.
 14153 | Volcano  | Entered a volcano
 14163 | Volcano  | Reached **** piety under Okawaru
 14187 | Volcano  | Cast into level 2 of the Abyss (a wizard)
 14323 | Abyss:2  | Gained mutation: You are dopey. (Int -2) [a neqoxec]
 14374 | Abyss:2  | Noticed a starcursed mass
 14378 | Abyss:2  | Paralysed by accursed screaming for 1 turns
 14605 | Abyss:2  | Noticed a starcursed mass
 14622 | Abyss:2  | Slain by a jiangshi

Illustrated notes

Levels and vault maps discovered:
D:1:      kennysheep_arrival_seaside, layout_basic
D:2:      layout_basic, shapermc_ecumenical_altar_gd, serial_corexii_hall,
          chequers_hall_statues_corner_a, corexii_hall_statues_t,
          roderic_lattice_a, chequers_serial_rivers_micro_e
D:3:      layout_loops_corners, nrook_campfire, minivault_26
D:4:      layout_layer_cave, minmay_temple_entry_trees,
          minmay_misc_feat_ornament, corexii_item_surrounded_by_moat,
          minmay_circle_x
D:5:      layout_loops_ring, serial_rivers, chequers_serial_rivers_room_b,
          chequers_serial_rivers_micro_c, chequers_serial_rivers_room_b,
          chequers_serial_rivers_room_a, chequers_serial_rivers_micro_b,
          chequers_serial_rivers_small_3, grunt_ministairs_13, uniq_edmund
D:6:      layout_basic, lightli_ossuary_entry_decrepit_ruins, uniq_maggie,
          uniq_blork_the_orc
D:7:      layout_rooms, serial_shops, shop, enter_bailey_5, fountainhead,
          nicolae_sextant, serial_bayou_pond_d
D:8:      layout_basic, nicolae_overflow_squiral,
          hellmonk_guarded_unrand_vitality_bloodlust
D:9:      layout_small_grid, kennysheep_mini_moat
D:10:     layout_loops_corners, grunt_temple_overflow_open,
          mainiacjoe_overflow_two_lobes, dpeg_lair_monsters, orc_0_dummy,
          serial_shops, nicolae_diamond_shop, hangedman_decor_growths,
          uniq_harold
D:11:     nicolae_cairo_tiling, layout_cave_pools, serial_shops,
          nicolae_diamond_shop
Temple:   regret_index_temple_generic_petals
Lair:1:   layout_cellular_growth, uniq_gastronok
Lair:2:   layout_regular_city, nicolae_volcano_entry_s_turn, nzn_random_ring
Abyss:2:  base: D:13, evilmike_abyss_exit_11
Volcano:  volcano_bunker

Skill      XL: |  1  2  3  4  5  6  7  8  9 10 11 12 13 |
---------------+----------------------------------------+-----
Axes           | 2 3 4 5 7 9 11 12 13 14 | 14.3
Armour         | 4 5 6 7 8 9 10 | 10.1
Fighting       | 4 6 7 8 9 10 | 10.1
Shields        | 4 6 7 8 9 |  9.2
Evocations     | 3 6 |  6.7
Invocations    | 5 6 |  6.4

Action                   |  1- 3 |  4- 6 |  7- 9 | 10-12 | 13-15 || total
-------------------------+-------+-------+-------+-------+-------++-------
Melee: War axe           |   129 |   118 |   132 |       |       ||   379
       Broad axe         |       |       |   150 |   276 |   253 ||   679
  Use: Scroll            |     5 |     2 |    14 |     6 |       ||    27
       Potion            |       |       |       |     4 |       ||     4
 Stab: Distracted        |       |       |       |       |     1 ||     1
       Invisible         |       |       |       |       |     1 ||     1
Armor: Scale mail        |    82 |    82 |   139 |    28 |   122 ||   453
       Plate armour      |       |       |       |   137 |       ||   137
Dodge: Dodged            |    64 |    50 |    92 |    76 |   101 ||   383
Block: Buckler           |    27 |    28 |    84 |   206 |   178 ||   523
       Reflection        |       |       |    17 |     9 |     1 ||    27

Table legend: (Time is in decaauts)
 A = Elapsed time spent in this place.
 B = Non-inter-level travel time spent in this place.
 C = Inter-level travel time spent in this place.
 D = Time resting spent in this place.
 E = Time spent auto-exploring this place.
 F = Levels seen in this place.
 G = Mean time per level.
                   A        B        C        D        E       F      G
               +--------+--------+--------+--------+--------+-----+--------+
         Total |  14861 |  14691 |    170 |   2212 |   9152 |  18 |  825.6 |
       Dungeon |  11761 |  11599 |    162 |   2054 |   7227 |  11 | 1069.2 |
        Temple |    253 |    253 |      0 |      0 |    173 |   1 |  253.0 |
          Lair |   1493 |   1485 |      8 |      0 |   1083 |   2 |  746.5 |
         Abyss |    435 |    435 |      0 |      0 |    254 |   1 |  435.0 |
       Ossuary |    367 |    367 |      0 |      0 |    270 |   1 |  367.0 |
        Bailey |    518 |    518 |      0 |    158 |    132 |   1 |  518.0 |
       Volcano |     32 |     32 |      0 |      0 |     12 |   1 |   32.0 |
               +--------+--------+--------+--------+--------+-----+--------+

Top non-repeatable levels by time:
     D:3: 2996 daAuts
     D:4: 1870 daAuts
     D:8: 1280 daAuts
     D:2: 1092 daAuts
    D:10: 933 daAuts
  Lair:1: 898 daAuts
     D:5: 873 daAuts
     D:1: 868 daAuts
     D:6: 703 daAuts
     D:7: 604 daAuts
  Lair:2: 594 daAuts
     D:9: 536 daAuts
  Bailey: 518 daAuts
 Abyss:2: 435 daAuts
 Ossuary: 367 daAuts
